Map: 2000 Atmospheres LE

Players

DPGDark (Dark) - Winner!

  • Race: Zerg Zerg
  • League: Master

Dream

  • Race: Terran Terran
  • League: Master

Event: DreamHack SC2 Masters 2021 Winter

VOD

Have the link to the VOD?

Description

Time

  • Played on: Sept. 22, 2021, 3:46 a.m.
  • Length: 7:45

All games in this series

Show
View Real Time Build Order
Export as new Build Order

DPGDark Zerg - Winner!

Build Orders: Hatch First, Ravager All-In 

Get SALT Encoding   

  12  0:00  Drone  
  13  0:12  Overlord  
  13  0:17  Drone  
  14  0:31  Drone x2  
  16  0:48  Hatchery  
  15  0:52  Drone  
  15  0:55  Drone  
  17  0:58  Drone  
  18  1:09  Extractor  
  17  1:14  Spawning Pool  
  17  1:17  Drone  
  17  1:20  Drone  
  18  1:30  Drone  
  19  1:39  Drone  
  20  1:53  Drone  
  21  2:00  Queen  
  23  2:02  Queen  
  23  2:03  Zergling x4  
  27  2:11  Zergling x2  
  28  2:21  Roach Warren  
  27  2:23  Extractor  
  27  2:24  Overlord  
  27  2:27  Zergling x4  
  28  2:36  Overlord  
  28  2:49  Overlord  
  28  2:59  Metabolic Boost  
  28  3:01  Roach x3  
  34  3:12  Drone x2  
  36  3:13  Drone  
  36  3:18  Overlord  
  37  3:24  Roach  
  39  3:28  Ravager x2  
  41  3:35  Roach  
  41  3:38  Roach  
  45  3:47  Ravager  
  46  3:54  Roach x2  
  50  4:09  Ravager  
  51  4:11  Zergling x6  
  54  4:20  Hatchery  
  53  4:30  Ravager  
  54  4:36  Overlord  
  54  4:37  Overlord  
  53  4:56  Ravager x2  
  53  4:59  Zergling x2  
  61  5:00  Zergling x10  
  61  5:03  Ravager  
  62  5:16  Zergling x2  
  63  5:25  Zergling x2  
  63  5:26  Zergling x6  
  59  6:02  Zergling x6  
  49  6:13  Zergling x6  
  49  6:14  Overlord  
  49  6:16  Zergling x4  
  54  6:27  Roach  
  54  6:32  Roach x2  
  60  6:38  Roach  
  62  6:43  Roach  
  62  6:44  Roach x3  
  56  7:02  Zergling x8  
  60  7:11  Roach  
  56  7:16  Roach  
  56  7:17  Roach x3  
  56  7:19  Ravager x2  
  56  7:20  Zergling x4  
  65  7:24  Drone  
  65  7:25  Drone  
  65  7:27  Ravager  
  65  7:28  Drone  
Show
View Real Time Build Order
Export as new Build Order

Dream Terran 

Build Orders:  

Get SALT Encoding   

  12  0:00  SCV  
  13  0:12  SCV  
  14  0:18  Supply Depot  
  14  0:24  SCV  
  15  0:39  Barracks  
  15  0:51  Barracks  
  15  1:04  Barracks  
  15  1:08  SCV  
  16  1:20  SCV  
  17  1:26  Marine  
  17  1:32  Orbital Command  
  18  1:37  Marine  
  19  1:44  Marine  
  20  1:47  Supply Depot  
  20  1:51  Marine  
  21  1:56  Bunker  
  21  1:59  Marine  
  22  2:04  SCV  
  23  2:08  Marine  
  23  2:12  Marine  
  25  2:18  Bunker  
  25  2:21  SCV, Marine  
  27  2:29  Marine  
  28  2:32  Marine  
  29  2:39  Supply Depot, Marine  
  30  2:44  Bunker  
  30  2:47  Marine  
  31  2:56  Refinery  
  31  3:00  SCV, Marine  
  31  3:01  Refinery  
  33  3:05  Marine  
  34  3:13  SCV  
  35  3:25  SCV  
  35  3:37  SCV  
  36  3:44  Factory  
  36  3:45  Supply Depot  
  36  3:49  SCV  
  37  3:56  Command Center  
  37  4:04  Bunker  
  37  4:06  SCV  
  37  4:08  Bunker  
  37  4:20  SCV  
  38  4:26  Supply Depot  
  35  4:31  Factory Tech Lab  
  35  4:32  SCV  
  36  4:40  Barracks Tech Lab  
  36  4:44  SCV  
  37  4:49  Starport  
  37  4:52  Cyclone  
  40  4:56  SCV  
  41  5:08  Orbital Command  
  41  5:16  SCV  
  41  5:17  Marine x2  
  44  5:32  Siege Tank  
  44  5:35  Marine x3  
  49  5:52  Supply Depot  
  49  5:53  Supply Depot  
  49  6:00  Marine x2  
  40  6:07  Marine  
  29  6:12  SCV  
  28  6:28  SCV  
  30  6:36  Viking  
  31  6:41  Orbital Command  
  31  6:42  Marine  
  32  6:48  Marine  
  24  6:55  Marine  
  16  7:15  Marine  
  11  7:30  SCV  
  11  7:32  SCV  

Tags
 
Add a new tag
Caveats
  • Supply blocks, unpowered buildings, or Contaminate may cause inaccurate times.
  • Supply counts are checked every 10 seconds.